 Dungeon Crawl Stone Soup version 0.30-a0-862-g1aabd4f9c5 (webtiles) character file.

Game seed: 2361246738365590065

799 bande the Covered (level 7, 0/44 HPs)
             Began as a Gargoyle Fighter on Mar 8, 2023.
             Slain by a gnoll
             ... wielding a +0 spear
             ... led by a gnoll sergeant
              (4 damage)
             ... on level 5 of the Dungeon.
             The game lasted 00:07:00 (5525 turns).

bande the Covered (Gargoyle Fighter)                Turns: 5525, Time: 00:07:01

Health: 0/44       AC: 14    Str: 20    XL:     7   Next: 90%
Magic:  7/7        EV:  9    Int:  8    God:
Gold:   281        SH:  5    Dex: 11    Spells: 6/6 levels left

rFire   . . .      SeeInvis .    a - +0 war axe
rCold   . . .      Faith    +    c - +0 buckler
rNeg    + + .      Spirit   .    b - +0 scale mail
rPois   ∞          Reflect  .    (no helmet)
rElec   +          Rampage  .    (no cloak)
rCorr   .                        F - +1 pair of gloves
Will    .....                    (no boots) Stlth
                                 t - amulet of faith
HPRegen 0.27/turn                p - ring of positive energy
MPRegen 0.10/turn                (no ring)

@: no status effects
A: sickness immunity, AC +4, negative energy resistance 1, electricity
resistance, torment resistance 1, petrification resistance
a: no special abilities


You were on level 5 of the Dungeon.
You visited 1 branch of the dungeon, and saw 5 of its levels.

You collected 281 gold pieces.

Inventory:

Hand Weapons
 a - a +0 war axe (weapon)
 A - a +0 flail
Armour
 b - a +0 scale mail (worn)
 c - a +0 buckler (worn)
 D - a +1 leather armour of cold resistance
 E - a +0 scale mail of fire resistance
 F - a +1 pair of gloves (worn)
Jewellery
 j - a ring of fire
 p - a ring of positive energy (left hand)
 t - an amulet of faith (around neck)
 w - an amulet of the acrobat
 y - a ring of positive energy
Wands
 u - a wand of light (10)
 v - a wand of polymorph (3)
Scrolls
 f - 2 scrolls of teleportation
 g - a scroll of enchant weapon {unknown}
 i - 2 scrolls of fear
 n - 5 scrolls of identify
 q - a scroll of poison
 x - 2 scrolls of enchant armour
Potions
 d - 2 potions of might
 e - a potion of magic
 h - a potion of brilliance {unknown}
 k - a potion of resistance {unknown}
 l - a potion of curing {unknown}
 m - a potion of flight {unknown}
 o - a potion of heal wounds {unknown}
 s - a potion of degeneration {unknown}


   Skills:
 + Level 4.8 Fighting
 + Level 5.0 Axes
 + Level 5.5 Armour
 + Level 4.5 Shields
 * Level 2.5 Evocations


You had 6 spell levels left.
You didn't know any spells.
Your spell library contained the following spells:

 Spells                   Type           Power      Damage    Failure   Level
 Magic Dart               Conj           0%         1d3       83%         1
 Call Imp                 Summ           0%         N/A       92%         2
 Mephitic Cloud           Conj/Pois/Air  0%         N/A       99%         3
 Malign Gateway           Summ/Tloc      0%         N/A       100%        7
 Summon Horrible Things   Summ           0%         N/A       100%        8


Dungeon Overview and Level Annotations

Branches:
Dungeon (5/15)
 Temple: D:4-7

Altars:
Ashenzari
Hepliaklqana
Sif Muna
Uskayaw
Vehumet
Yredelemnul


Innate Abilities, Weirdness & Mutations

You are immune to sickness and miasma.
Your stone body is resilient. (AC +4)
You are immune to poison.
You resist negative energy. (rN+)
You are resistant to electric shocks. (rElec)
You are resistant to unholy torment.
You are immune to petrification.


Message History

You block the gnoll sergeant's attack. The gnoll hits you with a +0 whip.
You slash the gnoll!
You kill the gnoll!
You barely miss the gnoll. You slash the gnoll!
You kill the gnoll!
The gnoll barely misses you. The gnoll closely misses you.
The gnoll sergeant completely misses you.
The gnoll hits you but does no damage. You block the gnoll sergeant's attack.
The gnoll hits you but does no damage. You block the gnoll's attack.
Your Axes skill increases to level 5!
You block the gnoll's attack. The gnoll barely misses you.
The gnoll sergeant hits you from afar with a +0 trident!
The gnoll barely misses you.
You see here a +0 club.
You barely miss the gnoll. x2; You slash the gnoll!
The gnoll hits you but does no damage. You block the gnoll's attack.
The gnoll hits you but does no damage.
The gnoll sergeant hits you from afar with a +0 trident.
You closely miss the gnoll.
The gnoll is severely wounded.
You slash the gnoll! You hit the gnoll. The gnoll barely misses you.
The gnoll hits you with a +0 spear. The gnoll hits you with a +0 whip.
The gnoll sergeant closely misses you.
Unknown command.
You hit the gnoll.
You kill the gnoll!
You closely miss the gnoll. You slash the gnoll!
You kill the gnoll!
The gnoll sergeant hits you from afar with a +0 trident!
* * * LOW HITPOINT WARNING * * *
The gnoll hits you but does no damage. The gnoll hits you but does no damage.
You block the gnoll sergeant's attack.
There is a stone staircase leading up here.
Things that are here:
a +0 whip; a gnoll corpse The gnoll attacks as you move away!
You block the gnoll's attack.
The gnoll sergeant hits you with a +0 trident.
* * * LOW HITPOINT WARNING * * *
The gnoll hits you from afar with a +0 spear.
You die...

.##..##...........,,,,,,*
.##..#........##.....*,**
..#........##..##...##,*
....#...........#....#**
...##.............#.#*
....................###
......................#
..............g)g.....#
........##....)<@.....#
........#......)....###
...#............../##
#####.............## #
#...##....>....#
#####.#####....#.##
....#..# #..#####
.##....# ##..# .###...#
*...#


You could see a gnoll sergeant and a gnoll.

Vanquished Creatures
  Eustachio (D:4)
  An ogre (D:5)
  The ghost of constintleydead the Shield-Bearer, an amateur GnWn (D:3)
  A bullfrog zombie (D:4)
  An orc priest (D:4)
  A bullfrog skeleton (D:4)
  3 iguanas
  An orc wizard (D:3)
  A killer bee zombie (D:4)
  A howler monkey zombie (D:4)
  9 gnolls
  6 adders
  A white imp (D:4)
  4 worms
  2 dart slugs
  11 orcs
  8 ball pythons
  5 bats
  5 endoplasms
  5 giant cockroaches
  7 goblins
  10 hobgoblins
  3 jackals (D:2)
  5 quokkas
  2 frilled lizards
  9 kobolds
  2 rats
106 creatures vanquished.

Vanquished Creatures (others)
  4 plants (D:4)
  A withered plant (D:1)
5 creatures vanquished.

Grand Total: 111 creatures vanquished

Notes
Turn   | Place    | Note
-------+----------+-------------------------------------------
     0 | D:1      | bande the Gargoyle Fighter began the quest for the Orb.
     0 | D:1      | Reached XP level 1. HP: 14/14 MP: 1/1
    58 | D:1      | Reached XP level 2. HP: 5/19 MP: 2/2
   716 | D:1      | Found a faded altar of an unknown god.
   780 | D:1      | Reached XP level 3. HP: 24/24 MP: 3/3
  1474 | D:2      | Reached XP level 4. HP: 22/29 MP: 4/4
  1736 | D:2      | Found a basalt altar of Yredelemnul.
  2257 | D:3      | Reached XP level 5. HP: 13/33 MP: 5/5
  3023 | D:4      | Found a runed translucent gate.
  3023 | D:4      | Found a runed translucent gate.
  3024 | D:4      | Found a runed translucent gate.
  3096 | D:4      | Reached skill level 1 in Evocations
  3096 | D:4      | Reached XP level 6. HP: 4/38 MP: 6/6
  3827 | D:4      | Found a hide-covered altar of Uskayaw.
  3897 | D:4      | Noticed Eustachio
  3899 | D:4      | Noticed constintleydead's ghost (amateur GnWn)
  3932 | D:4      | Killed Eustachio
  3933 | D:4      | Reached XP level 7. HP: 16/44 MP: 7/7
  4451 | D:3      | Killed constintleydead's ghost
  4452 | D:3      | Reached skill level 5 in Armour
  4811 | D:5      | Entered Level 5 of the Dungeon
  4896 | D:5      | Found a radiant altar of Vehumet.
  4896 | D:5      | Found a faded altar of an unknown god.
  5094 | D:5      | Found a shimmering blue altar of Sif Muna.
  5096 | D:5      | Found a broken altar of Ashenzari.
  5098 | D:5      | Found a hazy altar of Hepliaklqana.
  5520 | D:5      | Reached skill level 5 in Axes
  5525 | D:5      | Slain by a gnoll

Illustrated notes

Levels and vault maps discovered:
D:1:      roderic_chinese_lattice_arrival, layout_basic,
          ebering_ecumenical_altar_petrified
D:2:      layout_loops_ring, basic_altar, chequers_serial_rivers_micro_e,
          minmay_misc_feat_more_columns, kennysheep_potato
D:3:      layout_loops_ring, minmay_unequal
D:4:      layout_cave_pools, kennysheep_mini, serial_forest,
          infiniplex_forest_lined_3, infiniplex_forest_straight_5,
          infiniplex_forest_clump_double, infiniplex_forest_diagonal,
          infiniplex_forest_clump_large, infiniplex_forest_lined_1,
          infiniplex_forest_clump_tiny, gammafunk_ghost_necromancy,
          uniq_eustachio
D:5:      layout_cave_pools, chequers_temple_overflow_minitemple,
          kennysheep_diamond

Skill      XL: |  1  2  3  4  5  6  7 |
---------------+----------------------+-----
Axes           | 2 3 4 5 |  5.0
Armour         | 4 5 |  5.5
Fighting       | 4 |  4.8
Evocations     | 1 2 |  2.5
Shields        | 4 |  4.5

Action                     |  1- 3 |  4- 6 |  7- 9 || total
---------------------------+-------+-------+-------++-------
  Melee: War axe           |    91 |   219 |    74 ||   384
    Use: Scroll            |       |       |    10 ||    10
 Armour: Scale mail        |    59 |   166 |    76 ||   301
  Dodge: Dodged            |    33 |   132 |    48 ||   213
  Block: Buckler           |    26 |    79 |    32 ||   137

Table legend: (Time is in decaauts)
 A = Elapsed time spent in this place.
 B = Non-inter-level travel time spent in this place.
 C = Inter-level travel time spent in this place.
 D = Time resting spent in this place.
 E = Time spent auto-exploring this place.
 F = Levels seen in this place.
 G = Mean time per level.
                   A        B        C        D        E       F      G
               +--------+--------+--------+--------+--------+-----+--------+
         Total |   5671 |   5576 |     95 |   1711 |   2853 |   5 | 1134.2 |
       Dungeon |   5671 |   5576 |     95 |   1711 |   2853 |   5 | 1134.2 |
               +--------+--------+--------+--------+--------+-----+--------+

Top non-repeatable levels by time:
     D:4: 1719 daAuts
     D:1: 1168 daAuts
     D:3: 1132 daAuts
     D:2: 925 daAuts
     D:5: 725 daAuts
